 Dungeon Crawl Stone Soup version 0.23.2-1-ga50397a (webtiles) character file.

Game seed: 1959524473030624528

7013 davaitedunem the Basher (level 10, -2/136 (138) HPs)
             Began as a Minotaur Berserker on Apr 19, 2019.
             Was a High Priest of Trog.
             Slain by a gnoll sergeant
             ... wielding a +0 trident
              (3 damage)
             ... on level 9 of the Dungeon.
             The game lasted 00:38:09 (7303 turns).

davaitedunem the Basher (Minotaur Berserker)        Turns: 7303, Time: 00:38:10

HP:   -2/136 (138)  AC: 14    Str: 31    XL:     10   Next: 82%
MP:   9/9           EV: 10    Int:  4    God:    Trog [*****.]
Gold: 474           SH: 12    Dex: 13    Spells: 9/9 levels left

rFire    . . .     SeeInvis .   o - +2 whip (elec)
rCold    + . .     Gourm    .   a - +0 shield
rNeg     . . .     Faith    .   w - +0 scale mail
rPois    .         Spirit   .   (helmet restricted)
rElec    .         Reflect  .   f - +1 cloak
rCorr    .         Harm     .   d - +0 pair of gloves
MR       ++...                  l - +0 pair of boots
Stlth    ..........             (no amulet)
HPRegen  1.32/turn              I - +4 ring of strength
MPRegen  0.11/turn              z - ring of protection from cold

@: berserking (expiring), lethally poisoned (-2 -> -8), regenerating, very quick
A: retaliatory headbutt, horns 2, robust 2
a: Berserk, Trog's Hand, Brothers in Arms, Renounce Religion


You were on level 9 of the Dungeon.
You worshipped Trog.
Trog was extremely pleased with you.
You were not hungry.

You visited 1 branch of the dungeon, and saw 9 of its levels.
You also visited: Ossuary.

You collected 474 gold pieces.

Inventory:

Hand Weapons
 o - a +2 whip of electrocution (weapon)
 s - a +3 flail of draining
Armour
 a - a +0 shield (worn)
 d - a +0 pair of gloves (worn)
 f - a +1 cloak (worn)
 l - a +0 pair of boots (worn)
 w - a +0 scale mail (worn)
Jewellery
 z - a ring of protection from cold (right hand)
 I - a +4 ring of strength (left hand)
Wands
 e - a wand of polymorph (10)
 C - a wand of iceblast (10)
 E - a wand of disintegration (13)
 F - a wand of clouds (5)
 J - a wand of digging (8)
Scrolls
 g - 3 scrolls of magic mapping
 h - 2 scrolls of enchant armour
 j - 4 scrolls of teleportation
 m - 4 scrolls of remove curse
 t - a scroll of fog
 G - a scroll of blinking {unknown}
Potions
 b - 2 potions of invisibility
 i - 4 potions of curing
 q - 2 potions of cancellation
 u - 4 potions of heal wounds {unknown}
 v - a potion of flight {unknown}
 x - 2 potions of brilliance {unknown}
 B - a potion of agility
Comestibles
 c - 22 rations


   Skills:
 - Level 3.6 Fighting
 - Level 13.4 Maces & Flails
 - Level 12.0 Armour
 - Level 2.1 Dodging
 + Level 8.4 Shields


You had 9 spell levels left.
You didn't know any spells.
Your spell library was empty.

Dungeon Overview and Level Annotations

Branches:
Dungeon (9/15)             Temple (0/1) D:5             Orc (0/2) D:9
   Lair: D:8-11

Altars:
Ashenzari
Elyvilon
Gozag
Kikubaaqudgha
Makhleb
Sif Muna


Innate Abilities, Weirdness & Mutations

You reflexively headbutt those who attack you in melee.
You have a pair of horns on your head.
You are very robust. (+20% HP)


Message History

You feel a strong urge to attack something.
* * * LOW HITPOINT WARNING * * *
You feel sick. You block the gnoll sergeant's attack.
The gnoll sergeant misses you. You furiously retaliate!
You headbutt the gnoll sergeant!! You barely miss the gnoll sergeant.
The gnoll sergeant is severely wounded.
* * * LOW HITPOINT WARNING * * *
You feel sick. You block the gnoll's attack.
You closely miss the gnoll sergeant.
Your headbutt misses the gnoll sergeant.
The gnoll sergeant is severely wounded.
* * * LOW HITPOINT WARNING * * *
You feel sick. The gnoll sergeant barely misses you.
You barely miss the gnoll sergeant.
The gnoll sergeant is severely wounded.
* * * LOW HITPOINT WARNING * * *
You feel sick. The gnoll hits you but does no damage.
The gnoll sergeant hits you with a +0 trident.
You die...

...# .... .?...
#..... #...... ####
.......
#..#######.......
#..(()gg@........
##(###g###.....## #
#####.#8g).8#..#..#
######.....#ogOgg#.##
##
..##.......#o.gKT#..
..##.......#..g..##.
#..........#8...8# .#
...........#######...
...................##


You could see an orc warrior, 3 gnoll sergeants and a gnoll.

Vanquished Creatures
  Harold (D:8)
  Pikel (D:5)
  Grinder (D:6)
  A yak (D:7)
  A human (D:7)
  A steam dragon (D:9)
  3 hogs (D:7)
  Menkaure (D:4)
  Edmund (D:6)
  A water moccasin (D:5)
  2 ice beasts
  Duvessa (D:4)
  A slave (D:5)
  2 orc warriors
  5 sky beasts
  2 phantoms
  3 ogres
  2 necrophages (D:9)
  2 centaurs
  A big kobold (D:9)
  2 gnoll sergeants (D:9)
  5 bullfrogs
  Dowan (D:4)
  3 water moccasin zombies
  3 scorpions
  A water moccasin skeleton (D:5)
  7 wights
  3 howler monkeys
  4 crimson imps
  A bullfrog zombie (D:5)
  A centaur skeleton (D:6)
  3 hounds
  2 jellies (D:8)
  5 orc priests
  9 orc wizards
  2 bullfrog skeletons
  3 iguanas
  6 worker ants
  5 big kobold zombies (Ossuary)
  A hound skeleton (D:7)
  2 mummies (Ossuary)
  2 worker ant zombies
  A howler monkey skeleton (D:6)
  10 adders
  2 shadow imps
  2 oozes
  8 adder zombies
  4 adder skeletons
  2 worms
  A dart slug (D:1)
  3 leopard geckos
  32 orcs
  4 ball pythons
  5 giant cockroaches
  7 goblins
  15 hobgoblins
  7 jackals
  3 quokkas
  9 bats
  A frilled lizard (D:3)
  A gnoll zombie (Ossuary)
  2 hobgoblin zombies (Ossuary)
  A jackal skeleton (D:4)
  11 kobolds
  6 kobold zombies (Ossuary)
  A leopard gecko skeleton (D:8)
  8 orc zombies (Ossuary)
  2 quokka skeletons
  A quokka zombie (D:5)
  5 rats
258 creatures vanquished.

Vanquished Creatures (collateral kills)
  An ogre (D:9)
  A gnoll sergeant (D:9)
2 creatures vanquished.

Grand Total: 260 creatures vanquished

Notes
Turn   | Place    | Note
-------+----------+-------------------------------------------
     0 | D:1      | davaitedunem the Minotaur Berserker began the quest for the
                  | Orb.
     0 | D:1      | Reached XP level 1. HP: 19/19 MP: 0/0
   223 | D:1      | Reached skill level 4 in Maces & Flails
   283 | D:1      | Reached XP level 2. HP: 26/26 MP: 1/1
   824 | D:2      | Reached skill level 5 in Maces & Flails
   836 | D:2      | Reached XP level 3. HP: 28/31 MP: 2/2
   849 | D:2      | Found a shattered altar of Ashenzari.
  1020 | D:2      | Reached ** piety under Trog
  1176 | D:2      | Reached skill level 6 in Maces & Flails
  1176 | D:2      | Reached XP level 4. HP: 33/39 MP: 3/3
  1825 | D:3      | Noticed an ogre
  1834 | D:3      | Killed an ogre
  1834 | D:3      | Reached skill level 7 in Maces & Flails
  1834 | D:3      | Reached XP level 5. HP: 35/45 MP: 4/4
  1901 | D:3      | Reached skill level 8 in Maces & Flails
  1907 | D:3      | Reached XP level 6. HP: 32/51 MP: 5/5
  2045 | D:3      | Found an opulent altar of Gozag.
  2046 | D:3      | Found a deep blue altar of Sif Muna.
  2294 | D:3      | Found a white marble altar of Elyvilon.
  2328 | D:3      | Found a burning altar of Makhleb.
  2524 | D:4      | Reached *** piety under Trog
  2538 | D:4      | Reached skill level 9 in Maces & Flails
  2571 | D:4      | Noticed Duvessa
  2571 | D:4      | Noticed Menkaure
  2572 | D:4      | Noticed Dowan
  2584 | D:4      | Killed Duvessa
  2584 | D:4      | Reached XP level 7. HP: 57/57 MP: 6/6
  2588 | D:4      | Killed Menkaure
  2588 | D:4      | Reached skill level 10 in Maces & Flails
  2591 | D:4      | Killed Dowan
  2619 | D:4      | Gained mutation: You are robust. (+10% HP) [potion of
                  | mutation]
  2619 | D:4      | Gained mutation: You are very robust. (+20% HP) [potion of
                  | mutation]
  2950 | D:5      | Entered Level 5 of the Dungeon
  3057 | D:5      | Found a staircase to the Ecumenical Temple.
  3129 | D:5      | Reached skill level 11 in Maces & Flails
  3265 | D:5      | Noticed Pikel
  3282 | D:5      | Killed Pikel
  3282 | D:5      | Reached skill level 12 in Maces & Flails
  3282 | D:5      | Reached XP level 8. HP: 10/76 MP: 7/7
  4112 | D:6      | Reached skill level 13 in Maces & Flails
  4158 | D:6      | Noticed Edmund
  4164 | D:6      | Killed Edmund
  4188 | D:6      | Received a gift from Trog
  4268 | D:6      | Found a sand-covered staircase.
  4272 | Ossuary  | Entered an ossuary
  4330 | Ossuary  | Reached **** piety under Trog
  4352 | Ossuary  | Reached XP level 9. HP: 79/84 MP: 8/8
  4415 | Ossuary  | Reached skill level 5 in Armour
  4848 | D:6      | Noticed Grinder
  4855 | D:6      | Killed Grinder
  5218 | D:7      | Reached skill level 10 in Armour
  5403 | D:7      | Reached XP level 10. HP: 78/92 MP: 9/9
  5751 | D:7      | Reached ***** piety under Trog
  6291 | D:8      | Noticed Harold
  6302 | D:8      | Reached skill level 1 in Shields
  6319 | D:8      | Killed Harold
  6319 | D:8      | Reached skill level 5 in Shields
  6778 | D:9      | Found an ancient bone altar of Kikubaaqudgha.
  7267 | D:9      | Received a gift from Trog
  7269 | D:9      | Found a staircase to the Orcish Mines.
  7295 | D:9      | HP: 6/136 [gnoll sergeant/+0 trident (2)]
  7300 | D:9      | HP: 2/136 [poisoned by a gnoll sergeant]
  7303 | D:9      | Slain by a gnoll sergeant

Skill      XL: |  1  2  3  4  5  6  7  8  9 10 |
---------------+-------------------------------+-----
Maces & Flails | 4 5 6 7 8 9 12 13 | 13.4
Armour         | 4 10 12 | 12.0
Shields        | 8 |  8.4
Fighting       | |  3.6
Dodging        | |  2.1

Action                   |  1- 3 |  4- 6 |  7- 9 | 10-12 || total
-------------------------+-------+-------+-------+-------++-------
Melee: Mace              |    62 |   114 |    50 |       ||   226
       Headbutt          |    10 |    20 |    59 |    40 ||   129
       Unarmed           |       |     5 |     5 |       ||    10
       Whip              |       |       |   247 |   273 ||   520
Invok: Trog's Hand       |       |     2 |     2 |     3 ||     7
       Berserk           |       |     2 |     2 |     2 ||     6
       Brothers in Arms  |       |       |       |     1 ||     1
  Use: Scroll            |       |     6 |     6 |     5 ||    17
       Potion            |       |       |     5 |       ||     5
  Eat: Chunk             |     1 |     6 |    13 |     7 ||    27
       Ration            |       |       |       |     1 ||     1
Armor: Animal skin       |    16 |     7 |       |       ||    23
       Ring mail         |       |    16 |    62 |    53 ||   131
       Skin              |       |       |     2 |       ||     2
       Scale mail        |       |       |       |    22 ||    22
Dodge: Dodged            |    54 |    55 |    83 |    96 ||   288
Block: Buckler           |       |    15 |    21 |    26 ||    62
       Shield            |       |       |       |    20 ||    20
